 Dungeon Crawl Stone Soup version 0.29.1-14-g9c671dbff4 (webtiles) character file.

Game seed: 13835094205490158836

13838 Shadowshaper the Spear-Bearer (level 11, -10/99 HPs)
             Began as a Minotaur Fighter on Feb 12, 2023.
             Was a High Priest of Okawaru.
             Mangled by a death yak (18 damage)
             ... on level 4 of the Lair of Beasts.
             The game lasted 00:21:40 (11075 turns).

Shadowshaper the Spear-Bearer (Minotaur Fighter)   Turns: 11075, Time: 00:21:41

Health: -10/99     AC: 12    Str: 25    XL:     11   Next: 80%
Magic:  10/10      EV: 13    Int:  5    God:    Okawaru [*****.]
Gold:   867        SH:  5    Dex: 19    Spells: 10/10 levels left

rFire   . . .      SeeInvis +   k - +10 spear of Saibrawk {elec, *Slow rC+++ Will- SInv}
rCold   + + +      Faith    .   (no shield)
rNeg    . . .      Spirit   .   b - +1 scale mail
rPois   .          Reflect  +   (helmet restricted)
rElec   .          Harm     .   r - +0 cloak
rCorr   .          Rampage  .   e - +0 pair of gloves
Will    .....                   (no boots)
Stlth   +.........              u - amulet of Riukhy {Reflect Str+3 SH+5}
HPRegen 0.26/turn               j - ring of flight
MPRegen 0.12/turn               B - +6 ring of dexterity

@: mighty, flying
A: horns 2, retaliatory headbutt
a: Renounce Religion, Heroism, Finesse, Duel


You were on level 4 of the Lair of Beasts.
You worshipped Okawaru.
Okawaru was extremely pleased with you.
You visited 3 branches of the dungeon, and saw 13 of its levels.
You also visited: Volcano.

You collected 867 gold pieces.

Inventory:

Hand Weapons
 k - the +10 spear of Saibrawk (weapon) {elec, *Slow rC+++ Will- SInv}
   (You found it on level 2 of the Dungeon)

   It occasionally discharges a powerful burst of electricity upon striking a
   foe.
   rC:        It renders you almost immune to cold.
   SInv:      It lets you see invisible.
   *Slow:     It may slow you when you take damage.
   Will:      It decreases your willpower.
 F - the +8 longbow "Zephyr" {speed, Dex+3 SInv}
   (Okawaru gifted it to you on level 1 of the Lair of Beasts)

   Attacks with this weapon are significantly faster.
   Dex:       It affects your dexterity (+3).
   SInv:      It lets you see invisible.
Missiles
 y - a throwing net
Armour
 b - a +1 scale mail (worn)
 e - a +0 pair of gloves (worn)
 f - an orb of guile
 r - a +0 cloak (worn)
Jewellery
 j - a ring of flight (left hand)
 u - the amulet of Riukhy (around neck) {Reflect Str+3 SH+5}
   (You found it on level 5 of the Dungeon)

   [amulet of reflection]

   It reflects blocked missile attacks.
   Str:       It affects your strength (+3).
   SH:        It affects your SH (+5).
 B - a +6 ring of dexterity (right hand)
Wands
 m - a wand of polymorph (5)
 n - a wand of mindburst (46)
 z - a wand of light (8)
 C - a wand of roots (4) (quivered)
Scrolls
 a - 13 scrolls of identify
 l - 8 scrolls of teleportation
 v - a scroll of magic mapping
 w - a scroll of fear
 A - a scroll of enchant weapon
Potions
 g - 6 potions of curing
 i - 5 potions of cancellation {unknown}
 o - a potion of resistance {unknown}
 p - a potion of haste {unknown}
 q - a potion of lignification {unknown}
 s - a potion of attraction {unknown}
 t - 2 potions of flight {unknown}
 x - a potion of invisibility {unknown}
 D - 2 potions of mutation {unknown}
 E - a potion of brilliance {unknown}
 G - 2 potions of magic {unknown}


   Skills:
 + Level 9.7 Fighting
 + Level 4.4(9.3) Axes
 + Level 12.7(13.0) Polearms
 + Level 4.6 Ranged Weapons
 + Level 10.6 Armour
 + Level 5.6 Dodging
 + Level 3.1 Stealth
 + Level 10.1 Shields


You had 10 spell levels left.
You didn't know any spells.
Your spell library contained the following spells:

 Spells                   Type           Power      Damage    Failure   Level
 Beastly Appendage        Tmut           0%         N/A       71%         1
 Necrotise                Necr           0%         1d4       71%         1
 Wereblood                Tmut           0%         N/A       85%         2
 Portal Projectile        Hex/Tloc       0%         N/A       97%         3
 Spider Form              Tmut/Pois      0%         N/A       97%         3
 Vampiric Draining        Necr           0%         2d6       97%         3
 Leda's Liquefaction      Hex/Erth       0%         N/A       100%        4
 Passage of Golubria      Tloc           0%         N/A       100%        4
 Agony                    Necr           0%         N/A       100%        5
 Silence                  Hex/Air        0%         N/A       100%        5
 Lehudib's Crystal Spear  Conj/Erth      0%         10d2      100%        8
 Call Canine Familiar     Summ           Unusable   N/A       N/A         3

Dungeon Overview and Level Annotations

Branches:
Dungeon (9/15)             Temple (1/1) D:5            Lair (2/5) D:9
  Slime (0/5) Lair:4          Orc (0/2) D:9         Volcano (visited)
  Swamp: Lair:2-3    Shoals: Lair:2-3     Snake: Lair:2-3    Spider: Lair:2-3

Altars:
Ashenzari
Cheibriados
Dithmenos
Elyvilon
Fedhas
Gozag
Hepliaklqana
Kikubaaqudgha
Makhleb
Nemelex Xobeh
Okawaru
Qazlal
Ru
Sif Muna
Trog
Uskayaw
Vehumet
Wu Jian
Xom
Yredelemnul
Zin
The Shining One
Jiyva

Shops:
D:1 (([(   D:8 ?


Innate Abilities, Weirdness & Mutations

You have a pair of horns on your head.
You reflexively headbutt those who attack you in melee.


Message History

A death yak comes into view.
The death yak gores you but does no damage.
The death yak gores you! The death yak barely misses you.
You hit the death yak.
The death yak is almost dead.
The death yak gores you!!
* * * LOW HITPOINT WARNING * * *
The death yak barely misses you. x2; You furiously retaliate!
You headbutt the death yak.
You feel much better.
A death yak comes into view.
The death yak gores you!!
* * * LOW HITPOINT WARNING * * *
The death yak gores you.
* * * LOW HITPOINT WARNING * * *
The death yak gores you!!
* * * LOW HITPOINT WARNING * * *
Okay, then.
Okay, then.
Okay, then.
You are too injured to fight recklessly!
Okay, then.
Okay, then.
Reach: k) +10 spear of Saibrawk {elec, *Slow rC+++ Will- SInv}
Press: ? - help, Dir - move target, f - death yak
Aim: a death yak (almost dead, about 13% to evade the +10 spear of Saibrawk)
Okay, then.
Okay, then.
You are too injured to fight recklessly!
Reach: k) +10 spear of Saibrawk {elec, *Slow rC+++ Will- SInv}
Press: ? - help, Dir - move target, f - death yak
Aim: a death yak (wandering, hasn't noticed you, about 13% to evade the +10 spear of Saibrawk)
Your weapon can't reach that far!
Okay, then.
You feel better.
The death yak bellows!
You hear an angry hiss.
The death yak misses you.
The death yak gores you but does no damage.
The death yak gores you!!
You die...

...##...##.######....##
....####......#######
...#.#...#..##
#.##..####.# #..#.P# ##
##....### ##.......#
#.#..Y...### #...SY@..#
##Y..Y###.# ..Y..:..#
## #..#.....
..#..#..... .
#......>.. #..+..._..#
...###...##


You could see 5 death yaks and a water moccasin.

Vanquished Creatures
  2 elephants
  Maurice (D:8)
  Joseph (D:7)
  2 black mambas
  Maggie (D:9)
  A cane toad (Lair:4)
  A komodo dragon (Lair:4)
  A troll (D:9)
  4 blink frogs (Lair:2)
  A hornet (D:8)
  Prince Ribbit (D:5)
  A flying skull (Volcano)
  Sigmund (D:5)
  A shadow (D:9)
  A wraith (D:8)
  18 yaks
  Eustachio (D:5)
  A steam dragon (D:8)
  4 wyverns
  3 basilisks
  An acid dragon (D:8)
  3 water moccasins
  2 hell hounds (Lair:1)
  A black bear (Lair:1)
  An ice beast (D:6)
  5 orc warriors
  5 wolves (Lair:1)
  2 sky beasts
  The ghost of hawla the Firebug, an amateur MeFE (D:4)
  An ogre (D:4)
  5 centaurs
  2 phantoms
  4 kobold brigands
  Blork the orc (D:4)
  5 bullfrogs
  A necrophage (D:5)
  3 scorpions (D:6)
  8 wights
  16 killer bees
  A lava snake (D:8)
  A jelly (D:4)
  7 orc priests
  Ijyb (D:4)
  9 orc wizards
  An iguana (D:6)
  4 gnolls
  11 adders
  A white imp (D:7)
  An ufetubus (D:5)
  3 worms
  3 dart slugs
  23 orcs
  7 ball pythons
  7 endoplasms
  6 giant cockroaches
  7 goblins
  4 hobgoblins
  11 jackals
  A quokka (D:2)
  10 bats
  18 kobolds
  6 rats
257 creatures vanquished.

Vanquished Creatures (others)
  A hound (D:5)
  A quokka (D:5)
  A fungus (Lair:2)
  8 plants
11 creatures vanquished.

Grand Total: 268 creatures vanquished

Notes
Turn   | Place    | Note
-------+----------+-------------------------------------------
     0 | D:1      | Shadowshaper the Minotaur Fighter began the quest for the
                  | Orb.
     0 | D:1      | Reached XP level 1. HP: 19/19 MP: 0/0
    23 | D:1      | Found Hyucaoto's Armour Shoppe.
    79 | D:1      | Found Daapp's Weapon Boutique.
    86 | D:1      | Found Joafeff's Weapon Shop.
   129 | D:1      | Reached XP level 2. HP: 27/27 MP: 1/1
   406 | D:1      | Found Jiluuj's Weapon Emporium.
   844 | D:2      | Reached XP level 3. HP: 33/33 MP: 2/2
  1361 | D:2      | Reached XP level 4. HP: 40/40 MP: 3/3
  1632 | D:2      | Found a faded altar of an unknown god.
  1651 | D:2      | Identified the +10 spear of Saibrawk {elec, *Slow rC+++
                  | Will- SInv}
  1997 | D:2      | Reached XP level 5. HP: 40/47 MP: 4/4
  2222 | D:3      | Reached skill level 5 in Armour
  2360 | D:3      | Reached skill level 1 in Polearms
  2566 | D:4      | Noticed Ijyb
  2572 | D:4      | Killed Ijyb
  2595 | D:4      | Found a runed translucent door.
  2606 | D:4      | Noticed hawla's ghost (amateur MeFE)
  2618 | D:4      | Reached skill level 2 in Polearms
  2618 | D:4      | Reached skill level 1 in Dodging
  2618 | D:4      | Reached XP level 6. HP: 40/53 MP: 5/5
  2622 | D:4      | Killed hawla's ghost
  2623 | D:4      | Reached skill level 5 in Shields
  2783 | D:4      | Reached skill level 3 in Polearms
  2808 | D:4      | Found a sacrificial altar of Ru.
  3114 | D:4      | Reached skill level 4 in Polearms
  3114 | D:4      | Reached XP level 7. HP: 60/60 MP: 6/6
  3439 | D:4      | Noticed Blork the orc
  3449 | D:4      | Killed Blork the orc
  3521 | D:5      | Entered Level 5 of the Dungeon
  3594 | D:5      | Noticed Sigmund
  3609 | D:5      | Killed Sigmund
  3610 | D:5      | Reached skill level 5 in Fighting
  3610 | D:5      | Reached skill level 5 in Polearms
  3684 | D:5      | Noticed Eustachio
  3688 | D:5      | Killed Eustachio
  3689 | D:5      | Reached skill level 6 in Polearms
  3734 | D:5      | Found a large runed translucent door.
  3735 | D:5      | Found a large runed translucent door.
  3737 | D:5      | Found a shimmering altar of Xom.
  3739 | D:5      | Identified the +5 rapier "Toyc Woc" {chaos, Int+5}
  3760 | D:5      | Found a staircase to the Ecumenical Temple.
  3774 | Temple   | Entered the Ecumenical Temple
  3873 | Temple   | Became a worshipper of Warmaster Okawaru
  4005 | D:5      | Reached XP level 8. HP: 21/69 MP: 7/7
  4031 | D:5      | Reached skill level 1 in Stealth
  4278 | D:5      | Noticed Prince Ribbit
  4283 | D:5      | Killed Prince Ribbit
  4284 | D:5      | Reached skill level 7 in Polearms
  4398 | D:5      | Identified the amulet of Riukhy {Reflect Str+3 SH+5}
  4899 | D:6      | Reached * piety under Okawaru
  5057 | D:6      | Reached skill level 8 in Polearms
  5110 | D:6      | Reached XP level 9. HP: 71/75 MP: 8/8
  5164 | D:6      | Reached ** piety under Okawaru
  5760 | D:7      | Reached skill level 9 in Polearms
  5898 | D:7      | Noticed Joseph
  5909 | D:7      | Killed Joseph
  6234 | D:7      | Found an opulent altar of Gozag.
  6337 | D:8      | Reached *** piety under Okawaru
  6368 | D:8      | Reached skill level 10 in Polearms
  6736 | D:8      | Reached XP level 10. HP: 62/86 MP: 9/9
  6742 | D:8      | Reached **** piety under Okawaru
  6853 | D:8      | Found an ancient bone altar of Kikubaaqudgha.
  7109 | D:8      | Noticed Maurice
  7138 | D:8      | Killed Maurice
  7148 | D:8      | Reached skill level 11 in Polearms
  7666 | D:8      | Found Haany's Magic Scroll Shop.
  7975 | D:9      | Noticed Maggie
  7981 | D:9      | Noticed an elephant
  7989 | D:9      | Killed Maggie
  7999 | D:9      | Killed an elephant
  7999 | D:9      | Reached ***** piety under Okawaru
  8346 | D:9      | Reached skill level 12 in Polearms
  8364 | D:9      | Reached XP level 11. HP: 57/95 MP: 10/10
  8553 | D:9      | Found a staircase to the Lair.
  8583 | D:9      | Found a white marble altar of Elyvilon.
  8751 | D:9      | Reached skill level 5 in Dodging
  8805 | D:9      | Found a staircase to the Orcish Mines.
  9184 | Lair:1   | Entered Level 1 of the Lair of Beasts
  9440 | Lair:1   | Reached skill level 10 in Armour
  9646 | Lair:1   | Received a gift from Okawaru
  9646 | Lair:1   | Found the +8 longbow "Zephyr" {speed, Dex+3 SInv}
  9810 | Lair:1   | Found a dark tunnel.
  9828 | Volcano  | Entered a volcano
 10516 | Lair:2   | Reached skill level 1 in Ranged Weapons
 10523 | Lair:2   | Reached skill level 10 in Shields
 10896 | Lair:2   | You are sucked into a shaft and drop 2 floors!
 11052 | Lair:4   | Found a staircase to the Slime Pits.
 11052 | Lair:4   | Found a viscous altar of Jiyva.
 11052 | Lair:4   | Noticed a death yak
 11053 | Lair:4   | Noticed a death yak
 11058 | Lair:4   | Noticed a death yak
 11072 | Lair:4   | Noticed a death yak
 11074 | Lair:4   | Noticed a death yak
 11074 | Lair:4   | HP: 2/99 [death yak (18)]
 11075 | Lair:4   | Mangled by a death yak

Illustrated notes

Levels and vault maps discovered:
D:1:      mrwooster_arrival_statue, layout_basic, serial_shops,
          nicolae_shop_bloodbath_and_beyond, nicolae_shop_behind_doors,
          nicolae_shop_behind_doors, shop
D:2:      layout_basic, hellmonk_ecumenical_altar_dog_temple
D:3:      minmay_octagon_keep, layout_basic
D:4:      layout_gridville, nicolae_ru_awakened_eye, ebering_ghost_sewer_d,
          uniq_ijyb, uniq_blork_the_orc
D:5:      due_chaos_kobolds, layout_basic, minmay_temple_entry_antechambers,
          serial_bayou, serial_bayou_shore_b, serial_bayou_shore_a,
          serial_bayou_lagoon_a, serial_bayou_ford_a, serial_bayou_pond_e,
          uniq_eustachio, uniq_sigmund, uniq_prince_ribbit1
D:6:      layout_gridville, serial_rivers, chequers_serial_rivers_marsh,
          chequers_serial_rivers_micro_a, chequers_serial_rivers_small_b,
          chequers_serial_rivers_micro_b, chequers_serial_rivers_micro_e,
          chequers_serial_rivers_micro_b, minmay_quadrilaterals
D:7:      layout_cave_pools, lemuel_round_altar, uniq_joseph
D:8:      layout_basic, mainiacjoe_overflow_catwalk, serial_shops,
          nicolae_shop_hallway_plus, nicolae_kite_square_tiling_tiny,
          uniq_maurice
D:9:      layout_cave_pools, nicolae_elyvilon_peaceful_grove,
          david_lair_generic, david_orc_4, uniq_maggie
Temple:   mainiacjoe_temple_coin_purse
Lair:1:   layout_cellular_growth, enter_volcano_3
Lair:2:   beast_lair_carwin_large_4, layout_cellular_growth,
          skrybe_swamp_entry_bodies, spider_nest_entry_funnel_web,
          grunt_megastairs_3
Lair:4:   layout_cave_pods, slime_entry_1, beast_lair_carwin_8,
          grunt_megastairs_2

Skill      XL: |  1  2  3  4  5  6  7  8  9 10 11 |
---------------+----------------------------------+-----
Shields        | 4 5 6 7 8 10 | 10.1
Armour         | 4 5 6 7 8 9 10 | 10.6
Fighting       | 4 5 6 7 8 9 |  9.7
Axes           | 3 4 |  4.4
Polearms       | 2 4 6 8 10 12 | 12.7
Dodging        | 1 2 3 4 5 |  5.6
Stealth        | 1 2 3 |  3.1
Ranged Weapons | 4 |  4.6

Action                   |  1- 3 |  4- 6 |  7- 9 | 10-12 || total
-------------------------+-------+-------+-------+-------++-------
Melee: War axe           |    77 |     8 |       |       ||    85
       Headbutt          |     9 |     5 |    31 |    53 ||    98
       Spear             |       |    92 |   187 |   286 ||   565
       Longbow           |       |       |       |     1 ||     1
 Fire: Longbow           |       |       |       |    56 ||    56
  Use: Scroll            |     6 |     4 |     4 |     1 ||    15
       Potion            |       |       |       |     5 ||     5
Armor: Scale mail        |    45 |    31 |    29 |    63 ||   168
Dodge: Dodged            |    39 |    29 |    46 |    96 ||   210
Block: Buckler           |    18 |    18 |    50 |    81 ||   167
       Reflection        |       |       |     5 |     4 ||     9
       Other             |       |       |       |    10 ||    10
